 Dungeon Crawl Stone Soup version 0.25-a0-1007-g10a8c3caa8 (webtiles) character file.

Game seed: 297406386489301, levelgen mode: deterministic

172 Lanoc the Archer (level 5, 0/43 HPs)
             Began as a Gnoll Hunter on May 11, 2020.
             Was an Initiate of Okawaru.
             Slain by a gnoll
             ... wielding a +0 club
              (7 damage)
             ... on level 3 of the Dungeon.
             The game lasted 00:05:11 (2234 turns).

Lanoc the Archer (Gnoll Hunter)                     Turns: 2234, Time: 00:05:12

Health: 0/43       AC:  3    Str: 14    XL:     5   Next: 52%
Magic:  7/7        EV: 14    Int: 13    God:    Okawaru [......]
Gold:   146        SH:  0    Dex: 17    Spells: 7/7 levels left

rFire    . . .     SeeInvis .   b - +0 hunting sling
rCold    . . .     Gourm    .   (no shield)
rNeg     . . .     Faith    .   c - +0 leather armour
rPois    .         Spirit   .   (no helmet)
rElec    .         Reflect  .   (no cloak)
rCorr    .         Harm     .   (no gloves)
MR       .....                  (no boots)
Stlth    ++........             j - amulet of magic regeneration
HPRegen  0.14/turn              (no ring)
MPRegen  0.35/turn              (no ring)

@: no status effects
A: distributed training, fangs 1, strong nose
a: Renounce Religion


You were on level 3 of the Dungeon.
You worshipped Okawaru.
Okawaru was noncommittal.
You were not hungry.

You visited 1 branch of the dungeon, and saw 3 of its levels.

You collected 146 gold pieces.

Inventory:

Hand Weapons
 a - a +1 shortbow
 b - a +0 hunting sling (weapon)
 p - a +0 short sword
Missiles
 d - 2 arrows
 e - 75 stones (quivered)
 g - 28 sling bullets
 i - 3 boomerangs
 m - 10 poisoned darts
Armour
 c - a +0 leather armour (worn)
Jewellery
 j - an amulet of magic regeneration (around neck)
Scrolls
 h - 2 scrolls of identify
 q - 2 scrolls of magic mapping {unknown}
 r - a scroll of enchant armour {unknown}
 s - a scroll of fear {unknown}
Potions
 k - a potion of ambrosia {unknown}
 l - 4 potions of heal wounds {unknown}
 n - a potion of mutation
Comestibles
 f - 4 rations


   Skills:
 + Level 4.8 Fighting
 + Level 1.5 Short Blades
 + Level 1.5 Long Blades
 + Level 1.5 Axes
 + Level 1.5 Maces & Flails
 + Level 1.5 Polearms
 + Level 1.5 Staves
 + Level 1.5 Slings
 + Level 8.6 Bows
 + Level 1.5 Crossbows
 + Level 1.5 Throwing
 + Level 1.5 Armour
 + Level 4.8 Dodging
 + Level 2.8 Stealth
 + Level 1.5 Shields
 + Level 1.5 Unarmed Combat
 + Level 1.5 Spellcasting
 + Level 1.2 Conjurations
 + Level 1.2 Hexes
 + Level 1.2 Charms
 + Level 1.2 Summonings
 + Level 1.2 Necromancy
 + Level 1.2 Translocations
 + Level 1.2 Transmutations
 + Level 1.2 Fire Magic
 + Level 1.2 Ice Magic
 + Level 1.2 Air Magic
 + Level 1.2 Earth Magic
 + Level 1.2 Poison Magic
 + Level 1.7 Invocations
 + Level 1.5 Evocations


You had 7 spell levels left.
You didn't know any spells.
Your spell library contained the following spells:

 Spells                   Type           Power        Failure   Level  Hunger
 Corona                   Hex            #......      21%         1    ##.....
 Ensorcelled Hibernation  Hex/Ice        #.....       30%         2    ###....
 Confusing Touch          Hex            #.......     52%         3    ####...
 Dazzling Flash           Conj/Hex       #.....       52%         3    ####...
 Tukima's Dance           Hex            #.......     52%         3    ####...


Dungeon Overview and Level Annotations

Branches:
Dungeon (3/15)

Altars:
Okawaru
Vehumet
Wu Jian


Innate Abilities, Weirdness & Mutations

Your experience applies equally to all skills.
You have very sharp teeth.
Your uncanny sense of smell can sniff out nearby items.


Message History

* * * LOW HITPOINT WARNING * * *
Firing (i - inventory. (/) - cycle)
e - 78 stones (quivered)
Press: ? - help, Shift-Dir - straight line, f/p - gnoll
Aim: a gnoll, wielding a +0 club (severely wounded)
You shoot a stone. The stone hits the gnoll.
The gnoll is almost dead.
The gnoll closely misses you.
Firing (i - inventory. (/) - cycle)
e - 77 stones (quivered)
Press: ? - help, Shift-Dir - straight line, f/p - gnoll
Aim: a gnoll, wielding a +0 club (almost dead)
You shoot a stone. The stone barely misses the gnoll.
The gnoll hits you with a +0 club.
* * * LOW HITPOINT WARNING * * *
Firing (i - inventory. (/) - cycle)
e - 76 stones (quivered)
Press: ? - help, Shift-Dir - straight line, f/p - gnoll
Aim: a gnoll, wielding a +0 club (almost dead)
You shoot a stone. The stone barely misses the gnoll.
A goblin comes into view.
The gnoll hits you with a +0 club!
You die...

#.#.#♣♣ ♣...
#.#...♣ ♣..#
#.#..##♣♣♣♣..#####
#.##...(..(.......
#..##.#)######∆
#..#♣.♣.###
#.....(...#
#...♣.♣g#.#
.......#.#@#.#
####.#.♣.♣.#.#
#.##..#÷#<# #
#♣.♣.### #.##.#
#..#.#♣#♣ ∆
#.#.##.. #.g.#♣.♣
( ##..##.# +#g((


You could see a gnoll and a goblin (wandering).

Vanquished Creatures
  A bullfrog skeleton (D:3)
  3 gnolls (D:3)
  3 adders
  An ooze (D:3)
  3 worms
  3 dart slugs
  4 leopard geckos
  4 orcs (D:3)
  2 giant cockroaches (D:1)
  12 goblins
  5 hobgoblins
  3 jackals (D:3)
  9 kobolds
  A ball python (D:3)
  6 bats
  A frilled lizard (D:2)
  6 rats
67 creatures vanquished.

Notes
Turn   | Place    | Note
-------+----------+-------------------------------------------
     0 | D:1      | Lanoc the Gnoll Hunter began the quest for the Orb.
     0 | D:1      | Reached XP level 1. HP: 20/20 MP: 1/1
   225 | D:1      | Reached XP level 2. HP: 26/26 MP: 2/2
   394 | D:1      | You fall into a shaft and drop 1 floor!
   407 | D:2      | Reached XP level 3. HP: 27/31 MP: 3/3
   774 | D:2      | Reached skill level 1 in Invocations
   970 | D:2      | Reached skill level 1 in Short Blades
   970 | D:2      | Reached skill level 1 in Long Blades
   970 | D:2      | Reached skill level 1 in Axes
   970 | D:2      | Reached skill level 1 in Maces & Flails
   970 | D:2      | Reached skill level 1 in Polearms
   970 | D:2      | Reached skill level 1 in Staves
   970 | D:2      | Reached skill level 1 in Slings
   970 | D:2      | Reached skill level 1 in Crossbows
   970 | D:2      | Reached skill level 1 in Throwing
   970 | D:2      | Reached skill level 1 in Armour
   970 | D:2      | Reached skill level 1 in Shields
   970 | D:2      | Reached skill level 1 in Unarmed Combat
   970 | D:2      | Reached skill level 1 in Spellcasting
   970 | D:2      | Reached skill level 1 in Evocations
  1021 | D:2      | Found a radiant altar of Vehumet.
  1209 | D:2      | Reached XP level 4. HP: 23/38 MP: 5/5
  1484 | D:2      | Found an ornate altar of the Wu Jian Council.
  1682 | D:3      | Reached skill level 1 in Conjurations
  1682 | D:3      | Reached skill level 1 in Hexes
  1682 | D:3      | Reached skill level 1 in Charms
  1682 | D:3      | Reached skill level 1 in Summonings
  1682 | D:3      | Reached skill level 1 in Necromancy
  1682 | D:3      | Reached skill level 1 in Translocations
  1682 | D:3      | Reached skill level 1 in Transmutations
  1682 | D:3      | Reached skill level 1 in Fire Magic
  1682 | D:3      | Reached skill level 1 in Ice Magic
  1682 | D:3      | Reached skill level 1 in Air Magic
  1682 | D:3      | Reached skill level 1 in Earth Magic
  1682 | D:3      | Reached skill level 1 in Poison Magic
  1858 | D:3      | Found an iron altar of Okawaru.
  1879 | D:3      | Became a worshipper of Warmaster Okawaru
  1901 | D:3      | Reached XP level 5. HP: 43/43 MP: 6/6
  2234 | D:3      | Slain by a gnoll

Illustrated notes

Levels and vault maps discovered:
D:1:      minmay_arrival_shattered_statue, layout_basic, minmay_pentomino_s4
D:2:      layout_basic, lemuel_coloured_pillars_altar, lemuel_round_altar
D:3:      layout_basic, lemuel_round_altar, serial_forest,
          infiniplex_forest_clump_small, infiniplex_forest_end_2,
          infiniplex_forest_corner_2, infiniplex_forest_lined_corner,
          infiniplex_forest_clump_long, infiniplex_forest_straight_2,
          infiniplex_forest_lined_2

Skill      XL: |  1  2  3  4 |
---------------+-------------+-----
Invocations    | 1 |  1.7
Short Blades   | 1 |  1.5
Long Blades    | 1 |  1.5
Axes           | 1 |  1.5
Maces & Flails | 1 |  1.5
Polearms       | 1 |  1.5
Staves         | 1 |  1.5
Slings         | 1 |  1.5
Crossbows      | 1 |  1.5
Throwing       | 1 |  1.5
Armour         | 1 |  1.5
Shields        | 1 |  1.5
Unarmed Combat | 1 |  1.5
Spellcasting   | 1 |  1.5
Evocations     | 1 |  1.5
Conjurations   | 1 |  1.2
Hexes          | 1 |  1.2
Charms         | 1 |  1.2
Summonings     | 1 |  1.2
Necromancy     | 1 |  1.2
Translocations | 1 |  1.2
Transmutations | 1 |  1.2
Fire Magic     | 1 |  1.2
Ice Magic      | 1 |  1.2
Air Magic      | 1 |  1.2
Earth Magic    | 1 |  1.2
Poison Magic   | 1 |  1.2
Fighting       | |  4.8
Bows           | |  8.6
Dodging        | |  4.8
Stealth        | |  2.8

Action                   |  1- 3 |  4- 6 || total
-------------------------+-------+-------++-------
 Fire: Shortbow          |   104 |    65 ||   169
       Hunting sling     |       |    42 ||    42
  Use: Scroll            |       |     3 ||     3
  Eat: Chunk             |     1 |     3 ||     4
Armor: Leather armour    |     7 |     6 ||    13
Dodge: Dodged            |    25 |    27 ||    52

Table legend:
 A = Non-vault XP
 B = Vault XP
 C = Vault XP percentage of total XP
 D = Non-vault monster count
 E = Vault monster count
 F = Vault count percentage of total count
                 A         B        C        D         E       F
            +---------+---------+-------+---------+---------+-------
      Total |     246 |       0 |   0.0 |      67 |       0 |   0.0
            +---------+---------+-------+---------+---------+-------
        D:1 |      20 |       0 |   0.0 |      11 |       0 |   0.0
        D:2 |      74 |       0 |   0.0 |      25 |       0 |   0.0
        D:3 |     152 |       0 |   0.0 |      31 |       0 |   0.0
            +---------+---------+-------+---------+---------+-------
